 Dungeon Crawl Stone Soup version 0.31-a0-1291-g5386780bc2 (webtiles) character file.

Game seed: 751380553221649071

524366 MacCMillion the Hoplite (level 24, -12/231 HPs)
             Began as a Minotaur Fighter on Dec 18, 2023.
             Was a High Priest of Okawaru.
             Killed by divine providence
             ... invoked by a smoke demon
              (13 damage)
             ... on level 4 of the Abyss.
             The game lasted 02:42:21 (70827 turns).

MacCMillion the Hoplite (Minotaur Fighter)         Turns: 70827, Time: 02:42:21

Health: -12/231    AC: 41    Str: 29    XL:     24   Next: 75%
Magic:  0/36       EV: 10    Int:  5    God:    Okawaru [*****.]
Gold:   3815       SH: 24    Dex: 17    Spells: 29/29 levels left

rFire   + + +        a - +9 broad axe (flame)
rCold   + . .        E - +1 tower shield {rF+}
rNeg    + . .        R - +11 gold dragon scales
rPois   +            c - +1 hat {Stlth+}
rElec   .            l - scarf {repulsion}
rCorr   .            p - +0 pair of gloves "Ykhleal" {Will+}
SInv    +            k - +1 pair of boots {rampage}
Will    ++...        I - amulet "Viyxkom" {Spirit rF+ Dex+2} Stlth
                     f - ring of see invisible
HPRegen 0.00/turn    S - ring of the Saviour {rN+ MP+9 Int+2 Dex+3}
MPRegen 0.25/turn

%: repel missiles, guardian spirit, rampage
@: sick, studying Staves
A: horns 2, retaliatory headbutt, clumsy 1, dopey 1, low MP 1
}: 2/15 runes: serpentine, barnacled
a: Renounce Religion, Heroism, Finesse, Duel


You were on level 4 of the Abyss.
You worshipped Okawaru.
Okawaru was extremely pleased with you.
You visited 9 branches of the dungeon, and saw 43 of its levels.
You visited the Abyss 2 times.
You also visited: Bailey, Ice Cave and Desolation.

You collected 6030 gold pieces.
You spent 2215 gold pieces at shops.

Inventory:

Hand Weapons
 a - a +9 broad axe of flaming (weapon)
 t - a +3 broad axe of holy wrath
Missiles
 e - 33 boomerangs
 s - 52 javelins (quivered)
 v - 17 silver javelins
 L - 10 curare-tipped darts
 X - 8 throwing nets
Armour
 c - a +1 hat of stealth (worn)
 k - a +1 pair of boots of rampaging (worn)
 l - a scarf of repulsion (worn)
 m - the +14 crystal plate armour of Space {-Cast rPois rC+ Str+3}
   (Okawaru gifted it to you on level 2 of the Lair of Beasts)

   Str+3:     It affects your strength (+3).
   rC+:       It protects you from cold.
   rPois:     It protects you from poison -Cast: It prevents spellcasting.
 p - the +0 pair of gloves "Ykhleal" (worn) {Will+}
   (You bought it in a shop on level 2 of the Orcish Mines)

   Will+:     It increases your willpower.
 E - a +1 tower shield of fire resistance (worn)
 R - +11 gold dragon scales (worn)
Jewellery
 f - a ring of see invisible (left hand)
 i - the ring "Umoetzou" {Ice Fly rN+}
   (You took it off an imperial myrmidon in the Desolation of Salt)

   [ring of ice]

   Ice:       It enhances your ice magic.
   rF-:       It makes you vulnerable to fire.
   rC+:       It protects you from cold.
   rN+:       It protects you from negative energy.
   Fly:       It grants you flight.
 r - a ring of protection from fire
 B - a +5 ring of evasion
 I - the amulet "Viyxkom" (around neck) {Spirit rF+ Dex+2}
   (You found it on level 1 of the Shoals)

   [amulet of guardian spirit]

   Spirit:    It causes incoming damage to be divided between your reserves of
   health and magic.
   Dex+2:     It affects your dexterity (+2).
   rF+:       It protects you from fire.
 S - the ring of the Saviour (right hand) {rN+ MP+9 Int+2 Dex+3}
   (You found it on level 3 of the Crypt)

   [ring of positive energy]

   Int+2:     It affects your intelligence (+2).
   Dex+3:     It affects your dexterity (+3).
   rN+:       It protects you from negative energy.
   MP+9:      It affects your magic capacity (+9).
 T - a +4 ring of slaying
 V - the ring "Geripn" {rN+ Will- EV+5 Str+3}
   (You found it in the Desolation of Salt)

   [ring of evasion]

   EV+5:      It affects your evasion (+5).
   Str+3:     It affects your strength (+3).
   rN+:       It protects you from negative energy.
   Will-:     It decreases your willpower.
 W - the ring of the Firefly {rCorr Str+6}
   (You bought it in a shop on level 2 of the Depths)

   [ring of resist corrosion]

   Str+6:     It affects your strength (+6).
   rCorr:     It protects you from acid and corrosion.
Wands
 y - a wand of digging (15)
 M - a wand of acid (57)
 Q - a wand of roots (46)
Scrolls
 n - 7 scrolls of immolation
 o - a scroll of poison
 u - 10 scrolls of revelation
 w - 6 scrolls of vulnerability
 z - 2 scrolls of torment
 J - 10 scrolls of blinking
 K - 5 scrolls of teleportation
 O - 4 scrolls of fear
 P - 4 scrolls of fog
 Z - a scroll of silence
Potions
 b - 10 potions of haste
 d - 7 potions of might
 g - 14 potions of mutation
 j - 15 potions of curing
 q - 3 potions of resistance
 x - 7 potions of heal wounds
 C - 2 potions of berserk rage
 D - 14 potions of enlightenment
 G - 5 potions of invisibility
 H - 5 potions of magic
 Y - 5 potions of lignification
Miscellaneous
 h - a tin of tremorstones (2/2)
 N - a lightning rod (4/4)
 U - a phial of floods


   Skills:
 + Level 22.1 Fighting
 - Level 22.0 Axes
 + Level 22.1 Throwing
 + Level 22.1 Armour
 - Level 8.0 Dodging
 - Level 4.0 Stealth
 + Level 22.1 Shields
 - Level 3.0 Spellcasting
 - Level 12.0 Invocations
 - Level 12.0 Evocations


You had 29 spell levels left.
You didn't know any spells.
Your spell library contained the following spells:

 Spells                   Type           Power      Damage    Failure   Level
 Apportation              Tloc           0%         N/A       99%         1
 Magic Dart               Conj           0%         1d3       99%         1
 Necrotise                Necr           0%         1d4       99%         1
 Shock                    Conj/Air       0%         1d3       99%         1
 Blink                    Tloc           0%         N/A       100%        2
 Cigotuvi's Dreadful Rot  Necr/Pois/Air  0%         N/A       100%        2
 Ensorcelled Hibernation  Hex/Ice        0%         N/A       100%        2
 Jinxbite                 Hex            0%         N/A       100%        2
 Lesser Beckoning         Tloc           0%         N/A       100%        2
 Momentum Strike          Conj/Tloc      0%         3d8       100%        2
 Poisonous Vapours        Pois/Air       0%         N/A       100%        2
 Scorch                   Fire           0%         2d5       100%        2
 Searing Ray              Conj           0%         2d4       100%        2
 Static Discharge         Conj/Air       0%         3-3/arc   100%        2
 Sublimation of Blood     Necr           0%         N/A       100%        2
 Wereblood                Tmut           0%         N/A       100%        2
 Dazzling Flash           Conj/Hex       0%         N/A       100%        3
 Gell's Gravitas          Tloc           0%         N/A       100%        3
 Ignite Poison            Fire/Tmut/Pois 0%         N/A       100%        3
 Mephitic Cloud           Conj/Pois/Air  0%         N/A       100%        3
 Sigil of Binding         Hex            0%         N/A       100%        3
 Stone Arrow              Conj/Erth      0%         3d7       100%        3
 Swiftness                Air            0%         N/A       100%        3
 Teleport Other           Tloc           0%         N/A       100%        3
 Volatile Blastmotes      Fire/Tloc      0%         2d10      100%        3
 Airstrike                Air            0%         2d(0-16)  100%        4
 Anguish                  Hex/Necr       0%         N/A       100%        4
 Brom's Barrelling Bould  Conj/Erth      0%         2d3       100%        4
 Cause Fear               Hex            0%         N/A       100%        4
 Dimensional Bullseye     Hex/Tloc       0%         N/A       100%        4
 Dispel Undead            Necr           0%         3d6       100%        4
 Flame Wave               Conj/Fire      0%         2d4       100%        4
 Fulminant Prism          Conj/Hex       0%         3d5       100%        4
 Iskenderun's Mystic Bla  Conj/Tloc      0%         2d3       100%        4
 Leda's Liquefaction      Tmut/Erth      0%         N/A       100%        4
 Olgreb's Toxic Radiance  Pois           0%         N/A       100%        4
 Sticky Flame             Conj/Fire      0%         2d3       100%        4
 Alistair's Intoxication  Tmut/Pois      0%         N/A       100%        5
 Borgnjor's Vile Clutch   Necr/Erth      0%         N/A       100%        5
 Fireball                 Conj/Fire      0%         3d3       100%        5
 Freezing Cloud           Conj/Ice/Air   0%         6-21      100%        5
 Irradiate                Conj/Tmut      0%         3d11      100%        5
 Iskenderun's Battlesphe  Conj           0%         2d6       100%        5
 Lee's Rapid Deconstruct  Erth           0%         3d4*      100%        5
 Bombard                  Conj/Erth      0%         9d1       100%        6
 Conjure Ball Lightning   Conj/Air       0%         3x3d6     100%        6
 Dispersal                Tloc           0%         N/A       100%        6
 Eringya's Noxious Bog    Tmut/Pois      0%         4d6       100%        6
 Plasma Beam              Fire/Air       0%         2x1d10    100%        6
 Starburst                Conj/Fire      0%         6d3       100%        6
 Orb of Destruction       Conj           0%         9d5       100%        7
 Discord                  Hex            0%         N/A       100%        8
 Disjunction              Tloc           0%         N/A       100%        8
 Ignition                 Fire           0%         3d3       100%        8
 Lehudib's Crystal Spear  Conj/Erth      0%         10d2      100%        8
 Maxwell's Capacitive Co  Air            0%         ∞         100%        8
 Polar Vortex             Ice            0%         N/A       100%        9
 Summon Small Mammal      Summ           Unusable   N/A       N/A         1
 Call Canine Familiar     Summ           Unusable   N/A       N/A         3
 Animate Armour           Summ/Erth      Unusable   N/A       N/A         4
 Summon Lightning Spire   Summ/Air       Unusable   N/A       N/A         4
 Summon Cactus Giant      Summ           Unusable   N/A       N/A         6
 Summon Hydra             Summ           Unusable   N/A       N/A         7
 Dragon's Call            Summ           Unusable   N/A       N/A         9

Dungeon Overview and Level Annotations

Branches:
Dungeon (15/15)            Temple (1/1) D:7            Lair (5/5) D:10
 Shoals (4/4) Lair:3        Snake (4/4) Lair:3          Orc (2/2) D:11
    Elf (0/3) Orc:2        Vaults (5/5) D:14          Crypt (3/3) Vaults:3
   Tomb (0/3) Crypt:3      Depths (4/4) D:15            Zot (0/5) Depths:4
 Bailey (visited)           IceCv (visited)         Desolation (visited)
  Slime: Lair:4-5

Altars:
Ashenzari
Cheibriados
Dithmenos
Elyvilon
Fedhas
Gozag
Hepliaklqana
Kikubaaqudgha
Makhleb
Nemelex Xobeh
Okawaru
Qazlal
Ru
Sif Muna
Trog
Uskayaw
Vehumet
Wu Jian
Xom
Yredelemnul
Zin
The Shining One

Shops:
D:1 ?   D:12 ((   D:14 [   Orc:1 *   Orc:2 ([[*   Shoals:2 :   Snake:4 ([*!*
Vaults:4 =   Depths:2 (=*   Depths:3 :((

Portals:
Hell: Depths:1 Depths:2 Depths:3 Depths:4
Abyss: Depths:3 Depths:4
Pandemonium: Depths:2
Ziggurat: Depths:3

Annotations:
Lair:3 1 runed translucent door, exclusion: ice statue, Xoh Arhiasm's ghost, journeyman TrWr
Lair:4 exclusion: oklob plant
Shoals:4 2 transporters, Bizboz's ghost, adept DjVM
Snake:4 1 exclusion
Vaults:1 3 runed translucent doors, Stonecrops's ghost, adept GrFi; jotaen's ghost, adept MiFi; ongoing's ghost, adept TrFi
Vaults:2 1 transporter, Angmar's ghost, veteran DrAE


Innate Abilities, Weirdness & Mutations

You have a pair of horns on your head.
You reflexively headbutt those who attack you in melee.
You are clumsy. (Dex -2)
You are dopey. (Int -2)
Your magical capacity is low. (-10% MP)


Message History

The raiju is heavily wounded.
The rakshasa blinks!
The raiju bites you but does no damage. The smoke demon gestures at you.
Something smites you!
* * * LOW HITPOINT WARNING * * *
The smoke demon gestures at you. Something smites you!
* * * LOW HITPOINT WARNING * * *
You slice the raiju!! You burn the raiju.
You kill the raiju!
Okawaru accepts your kill.
The raiju bursts into living lightning!
The living lightning hits you.
* * * LOW HITPOINT WARNING * * *
The raiju blinks! x2
You slice the raiju!! You burn the raiju!
You kill the raiju!
Okawaru accepts your kill. The smoke demon gestures at you.
Something smites you!
* * * LOW HITPOINT WARNING * * *
You hit the ancient zyme but do no damage.
You headbutt the ancient zyme!
The ancient zyme is lightly damaged.
The ancient zyme hits you but does no damage.
You block the ancient zyme's attack.
You hit the ancient zyme. You burn the ancient zyme.
Your headbutt misses the ancient zyme.
The ancient zyme is lightly damaged.
The rakshasa blinks!
The smoke demon gestures at you. Something smites you!
* * * LOW HITPOINT WARNING * * *
A will-o-the-wisp comes into view.
You block the ancient zyme's attack. x2
You completely miss the ancient zyme. You headbutt the ancient zyme.
The ancient zyme is lightly damaged.
The smoke demon gestures at you. Something smites you!
You die...

. . . ###
#@# #x#
#4#
...hR.Xh3#
....°.h3#
# # . .
...§.##.#
.....v. #
...X...
...#.# #


You could see a tentacled starspawn, an ancient zyme, a hellwing, a
will-o-the-wisp, 2 smoke demons and 2 raiju.

Vanquished Creatures
  4 dread liches (Vaults:5)
  5 ancient liches
  Mara (Shoals:3)
  A juggernaut (Depths:3)
  Sojobo (Crypt:1)
  3 royal mummies (Crypt:1)
  A shard shrike (IceCv)
  7 caustic shrikes
  Margery (Crypt:2)
  Jory (Crypt:2)
  2 golden dragons (Depths:3)
  Nikola (Shoals:4)
  A bone dragon (Abyss:4)
  Zenata (Crypt:2)
  Rupert (D:12)
  4 tentacled monstrosities
  Jorgrun (D:14)
  6 liches
  A searing wretch (Crypt:2)
  3 titans
  A quicksilver dragon (Depths:4)
  A kraken (Shoals:4)
  An Executioner (Abyss:4)
  6 ancient champions
  3 sphinxes
  Gastronok (Lair:2)
  10 tengu reavers
  Kirke (Snake:4)
  Aizul (Shoals:3)
  10 shadow dragons
  6 tentacled starspawn
  3 revenants
  3 draconian monks
  Agnes (D:14)
  Donald (Snake:2)
  Ilsuiw (Shoals:4)
  3 storm dragons
  9 nagarajas
  Roxanne (D:15)
  4 fire giants
  6 frost giants
  A draconian knight (Abyss:4)
  An iron dragon (Vaults:5)
  2 deep elf sorcerers (Vaults:5)
  12 vault wardens
  3 curse skulls
  An imperial myrmidon (Desolation)
  7 ghouls
  A draconian annihilator (Depths:4)
  2 orc warlords
  16 ironbound preservers
  11 very ugly things
  3 war gargoyles (Vaults:5)
  19 stone giants
  2 spriggan defenders (Depths:2)
  5 formless jellyfish
  6 ironbound thunderhulks
  6 deep elf death magi
  A black draconian (Depths:4)
  5 vampire knights
  4 spark wasps
  2 halazid warlocks (Desolation)
  A red draconian (Depths:4)
  10 dire elephants
  2 deep elf annihilators (Vaults:5)
  3 deep elf demonologists
  3 white draconians
  Snorg (D:14)
  9 ettins
  2 mummy priests (Crypt:1)
  8 jiangshi
  An eidolon (Crypt:3)
  A green death (Abyss:4)
  5 fire dragons
  3 merfolk javelineers
  A deep elf high priest (Vaults:5)
  2 entropy weavers
  12 merfolk impalers
  3 crystal guardians (Desolation)
  10 ragged hierophants (Desolation)
  10 yaktaur captains
  12 servants of whispers
  Fannar (Lair:1)
  An entropy weaver (shapeshifter) (Depths:1)
  Harold (D:9)
  10 great orbs of eyes
  3 salamander tyrants (Snake:4)
  9 ice dragons
  6 rakshasas
  2 ogre magi
  5 hydras
  26 vault guards
  8 peacekeepers
  4 merfolk avatars
  A spriggan air mage (Depths:4)
  12 anacondas
  2 catoblepae
  3 satyrs
  An alligator snapping turtle (Shoals:4)
  18 centaur warriors
  10 ironbound frosthearts
  8 two-headed ogres
  2 death knights
  A two-headed ogre (shapeshifter) (Vaults:5)
  5 boulder beetles
  6 deep troll earth magi
  4 merfolk aquamancers
  16 naga warriors
  9 thrashing horrors
  5 vampire magi
  Urug (D:11)
  9 death yaks
  11 deep troll shamans
  9 orc high priests
  6 tengu warriors
  2 occultists
  2 shock serpents (shapeshifter) (Vaults:5)
  6 spriggan berserkers
  10 naga sharpshooters
  13 hell knights
  Sonja (D:10)
  A storm dragon zombie (Crypt:2)
  11 shock serpents
  11 skysharks
  7 wretched stars
  2 soul eaters
  A spatial maelstrom (Abyss:3)
  2 sixfirhies (Abyss:4)
  5 iron trolls
  A skyshark (shapeshifter) (Vaults:5)
  4 shadow wraiths
  A titan skeleton (Crypt:1)
  2 golden dragon zombies (Crypt:2)
  3 salamander mystics (Snake:4)
  31 skeletal warriors
  A ghost moth zombie (Crypt:3)
  6 glowing orange brains
  An orange crystal statue (IceCv)
  11 sea snakes
  7 flayed ghosts
  26 deep trolls
  A sea snake (shapeshifter) (Vaults:4)
  An orb spider (shapeshifter) (Vaults:4)
  A bog body (Crypt:3)
  11 phantasmal warriors
  10 arcanists
  16 mana vipers
  20 harpies
  A harpy (shapeshifter) (Depths:1)
  6 naga ritualists
  2 glowing orange brains (shapeshifter)
  8 necromancers
  5 lindwurms
  11 ironbound convokers
  10 orc knights
  A deep elf pyromancer (D:8)
  4 starcursed masses (Abyss:4)
  A fire giant zombie (Crypt:2)
  2 stone giant zombies
  65 ugly things
  A faun (shapeshifter) (Vaults:5)
  A salamander (shapeshifter) (Depths:1)
  17 fauns
  11 salamanders
  A worldbinder (Abyss:4)
  A cyclops (shapeshifter) (Depths:4)
  8 large abominations
  11 cyclopes
  8 manticores
  A fire giant skeleton (Depths:1)
  9 merfolk sirens
  10 naga magi
  12 elephants
  A frost giant skeleton (Crypt:1)
  A guardian serpent (shapeshifter) (Vaults:4)
  33 black mambas
  A shock serpent skeleton (Crypt:3)
  7 guardian serpents
  Joseph (D:8)
  4 water nymphs
  A gargoyle (D:10)
  5 smoke demons
  20 vault sentinels
  A molten gargoyle (Desolation)
  A kobold demonologist (D:13)
  5 spriggan zombies
  4 minotaur zombies (Crypt:2)
  Jeremiah (D:6)
  An elephant slug zombie (Crypt:1)
  A purple draconian zombie (Crypt:3)
  A torpor snail (Lair:5)
  12 cane toads
  6 freezing wraiths
  14 rime drakes
  2 unseen horrors
  A dire elephant skeleton (Abyss:4)
  A redback zombie (Crypt:1)
  9 yaktaurs
  6 tengu conjurers
  An efreet (D:14)
  A spriggan skeleton (Depths:1)
  10 komodo dragons
  A tormentor (Abyss:4)
  A great orb of eyes zombie (Crypt:2)
  2 human zombies (Vaults:3)
  3 ancient zymes
  7 wind drakes
  2 human skeletons (Vaults:4)
  A red devil (Abyss:3)
  An iron troll skeleton (Crypt:2)
  4 meliai
  22 merfolk
  A black draconian skeleton (Crypt:2)
  A minotaur skeleton (Crypt:3)
  28 polar bears
  12 trolls
  A troll (shapeshifter) (Depths:1)
  Grinder (D:6)
  65 saltlings
  3 glass eyes
  A tengu simulacrum (Vaults:3)
  6 hornets
  A glass eye (shapeshifter) (Vaults:5)
  9 dream sheep
  15 blink frogs
  16 raiju (Abyss:4)
  3 ettin zombies (Crypt:2)
  26 slime creatures
  7 snapping turtles
  Sigmund (D:6)
  5 shadows
  A culicivora (shapeshifter) (Vaults:5)
  2 vampires
  A fire giant simulacrum (Depths:1)
  4 spriggans
  18 flying skulls
  A deep troll skeleton (Vaults:4)
  10 wraiths
  29 yaks
  12 water elementals
  5 ynoxinuls
  5 wyverns
  20 humans (D:14)
  A basilisk (shapeshifter) (Depths:1)
  Eustachio (D:6)
  6 hogs (Snake:4)
  2 golden eyes (Abyss:3)
  7 basilisks
  A tyrant leech zombie (Crypt:2)
  5 wargs (Orc:1)
  A redback (shapeshifter) (Vaults:5)
  3 redbacks (Vaults:1)
  4 neqoxecs (Abyss:4)
  2 steam dragons
  12 vampire mosquitoes
  2 chaos spawn (Abyss:4)
  2 spatial vortices (Abyss:3)
  A yaktaur simulacrum (Vaults:3)
  7 small abominations
  47 nagas
  Edmund (D:4)
  21 water moccasins
  A fire bat zombie (Crypt:1)
  4 acid dragons
  A naga skeleton (Abyss:3)
  A sky beast (Abyss:4)
  6 ice beasts
  55 orc warriors
  4 black bears
  16 wolves
  24 centaurs
  A hog zombie (Crypt:3)
  4 phantoms
  8 ogres
  A kobold brigand (D:7)
  16 bullfrogs
  4 scorpions
  A human simulacrum (Vaults:4)
  5 necrophages
  A wyvern skeleton (Crypt:2)
  10 wights
  2 troll zombies (D:11)
  11 killer bees
  4 howler monkeys
  7 electric eels
  2 hounds
  2 centaur skeletons
  4 jellies
  23 orc priests
  3 sleepcaps
  15 orc wizards
  A boggart skeleton (Crypt:3)
  4 ogre zombies (D:11)
  A sky beast zombie (Crypt:3)
  A hound zombie (Crypt:2)
  8 adders
  4 gnolls
  A swamp drake skeleton (Crypt:3)
  A shadow imp (D:6)
  8 white imps
  6 ufetubi
  A lava snake skeleton (Crypt:1)
  2 worms
  5 dart slugs
  110 orcs
  10 ball pythons
  7 bats
  7 endoplasms
  3 giant cockroaches
  11 goblins
  6 hobgoblins
  5 jackals
  8 kobolds
  5 quokkas
  A river rat zombie (Crypt:1)
  3 frilled lizards
  3 gnoll skeletons (D:11)
  6 gnoll zombies
  3 orc skeletons (D:11)
  8 orc zombies (D:11)
  7 rats
  A lurking horror (Abyss:4)
  8 starspawn tentacles
  2 tentacles (Shoals:4)
2103 creatures vanquished.

Vanquished Creatures (others)
  A dread lich (Vaults:4)
  An ironbound preserver (Vaults:5)
  A lorocyproca (Abyss:4)
  A thrashing horror (Abyss:4)
  A harpy (Shoals:3)
  An arcanist (D:7)
  A tengu conjurer (Depths:1)
  A raiju (Abyss:4)
  A harpy simulacrum (Abyss:4)
  A bullfrog (D:8)
  A lurking horror (Abyss:4)
  7 starspawn tentacles (Abyss:4)
  6 tentacles (Shoals:4)
24 creatures vanquished.

Grand Total: 2127 creatures vanquished

Notes
Turn   | Place    | Note
-------+----------+-------------------------------------------
     0 | D:1      | MacCMillion the Minotaur Fighter began the quest for the
                  | Orb.
     0 | D:1      | Reached XP level 1. HP: 19/19 MP: 0/0
    92 | D:1      | Reached XP level 2. HP: 26/27 MP: 1/1
   318 | D:1      | Reached XP level 3. HP: 31/33 MP: 2/2
   463 | D:1      | Found Ugoezer's Magic Scroll Emporium.
   475 | D:1      | Bought a scroll of identify for 20 gold pieces
  1140 | D:2      | Identified the +7 chain mail of the Guardian {Harm Dex+4}
  1382 | D:2      | Reached XP level 4. HP: 36/41 MP: 3/3
  1937 | D:3      | Found a radiant altar of Vehumet.
  2384 | D:4      | Noticed a black bear
  2396 | D:4      | Killed a black bear
  2397 | D:4      | Reached skill level 5 in Axes
  2397 | D:4      | Reached XP level 5. HP: 47/47 MP: 4/4
  2521 | D:4      | Reached XP level 6. HP: 53/53 MP: 5/5
  3182 | D:4      | Found a glowing golden altar of the Shining One.
  3249 | D:5      | Entered Level 5 of the Dungeon
  3249 | D:5      | Noticed Edmund
  3265 | D:4      | Reached XP level 7. HP: 51/60 MP: 6/6
  3314 | D:4      | Killed Edmund
  3510 | D:5      | Reached skill level 10 in Axes
  3904 | D:5      | Reached skill level 5 in Fighting
  3904 | D:5      | Reached XP level 8. HP: 58/68 MP: 7/7
  3994 | D:5      | Reached skill level 5 in Armour
  4615 | D:6      | Noticed Sigmund
  4692 | D:6      | Killed Sigmund
  4693 | D:6      | Reached skill level 5 in Shields
  4859 | D:6      | Noticed Eustachio
  4859 | D:6      | Noticed Jeremiah
  4905 | D:7      | Reached XP level 9. HP: 55/78 MP: 8/8
  4974 | D:7      | Found a flagged portal.
  4992 | Bailey   | Entered a bailey
  5504 | Bailey   | Noticed an orc knight
  5518 | Bailey   | Killed an orc knight
  6090 | D:1      | Bought a scroll of blinking for 75 gold pieces
  6310 | D:6      | Killed Eustachio
  6485 | D:6      | Killed Jeremiah
  6808 | D:6      | Noticed Grinder
  6818 | D:6      | Paralysed by Grinder for 3 turns
  6822 | D:6      | Killed Grinder
  6905 | D:7      | Found a staircase to the Ecumenical Temple.
  6916 | D:7      | Reached XP level 10. HP: 90/90 MP: 9/9
  6924 | Temple   | Entered the Ecumenical Temple
  6952 | Temple   | Became a worshipper of Warmaster Okawaru
  7345 | D:7      | Reached skill level 1 in Invocations
  7586 | D:7      | Found a broken altar of Ashenzari.
  7846 | D:7      | Found a bloodstained altar of Trog.
  7847 | D:7      | Noticed an arcanist
  7853 | D:7      | Killed an arcanist
  7996 | D:7      | You fall into a shaft and drop 3 floors!
  7996 | D:10     | Entered Level 10 of the Dungeon
  8161 | D:10     | Reached * piety under Okawaru
  8254 | D:9      | Noticed a two-headed ogre
  8262 | D:9      | Killed a two-headed ogre
  8262 | D:9      | Reached ** piety under Okawaru
  8278 | D:9      | Found a basalt altar of Yredelemnul.
  8329 | D:9      | Identified the +9 short sword of Living Reinforcement
                  | {heavy, Will+}
  8331 | D:9      | Found a shadowy altar of Dithmenos.
  8399 | D:9      | Noticed a two-headed ogre
  8413 | D:9      | Killed a two-headed ogre
  8467 | D:9      | Found an opulent altar of Gozag.
  9125 | D:8      | Noticed an eight-headed hydra
  9125 | D:8      | Noticed a cyclops
  9125 | D:8      | Noticed a deep elf pyromancer
  9125 | D:8      | Noticed a deep elf pyromancer
  9126 | D:8      | Noticed a centaur warrior
  9131 | D:8      | Killed a deep elf pyromancer
  9132 | D:8      | Reached XP level 11. HP: 78/99 MP: 12/12
  9154 | D:8      | Killed a centaur warrior
  9154 | D:8      | Reached *** piety under Okawaru
  9727 | D:8      | Found an ornate altar of the Wu Jian Council.
  9756 | D:8      | Noticed Joseph
  9767 | D:8      | Killed Joseph
  9896 | D:8      | Reached skill level 10 in Fighting
  9896 | D:8      | Reached skill level 10 in Armour
 10142 | D:8      | Noticed a two-headed ogre
 10151 | D:8      | Killed a two-headed ogre
 10173 | D:8      | Reached **** piety under Okawaru
 10876 | D:9      | Reached skill level 1 in Evocations
 10964 | D:9      | Reached skill level 5 in Invocations
 11906 | D:10     | Reached skill level 10 in Shields
 11944 | D:10     | Noticed Harold
 12037 | D:9      | Killed Harold
 12037 | D:9      | Reached ***** piety under Okawaru
 12107 | D:10     | Found a staircase to the Lair.
 12128 | D:10     | Reached skill level 1 in Throwing
 12277 | D:10     | Noticed Sonja
 12279 | D:10     | Killed Sonja
 12618 | D:11     | Found a staircase to the Orcish Mines.
 12900 | D:11     | Noticed Urug
 12914 | D:11     | Killed Urug
 12915 | D:11     | Reached XP level 12. HP: 74/106 MP: 11/15
 14102 | Lair:1   | Entered Level 1 of the Lair of Beasts
 14288 | Lair:1   | Reached skill level 5 in Throwing
 14503 | Lair:1   | Received a gift from Okawaru
 14632 | Lair:1   | Identified the +0 robe "Lairixku" {Will+ Int+2}
 14686 | Lair:1   | Reached ****** piety under Okawaru
 14689 | Lair:1   | Acquired a +2 broad axe of venom
 14689 | Lair:1   | Received a gift from Okawaru
 14872 | Lair:1   | Noticed Fannar
 15037 | Lair:1   | Killed Fannar
 15351 | Lair:1   | Reached skill level 15 in Axes
 16091 | Lair:2   | Identified the +1 ring mail "Uriar" {rC++ Int+2 Dex-5}
 16094 | Lair:2   | Noticed a four-headed hydra
 16108 | Lair:1   | Killed a two-headed hydra
 16230 | Lair:2   | Noticed Gastronok
 16432 | Lair:2   | Killed Gastronok
 16432 | Lair:2   | Received a gift from Okawaru
 16554 | Lair:2   | Noticed a four-headed hydra
 16566 | Lair:2   | Killed a two-headed hydra
 16750 | Lair:2   | Reached XP level 13. HP: 113/113 MP: 18/18
 16754 | Lair:2   | Acquired the +14 crystal plate armour of Space {-Cast rPois
                  | rC+ Str+3}
 16754 | Lair:2   | Received a gift from Okawaru
 16823 | Lair:2   | Found a stormy altar of Qazlal.
 17338 | Lair:3   | Found an ornate altar of the Wu Jian Council.
 17468 | Lair:3   | Found a runed translucent door.
 17468 | Lair:3   | Noticed Xoh Arhiasm's ghost (journeyman TrWr)
 17502 | Lair:3   | Received a gift from Okawaru
 17564 | Lair:3   | Found a staircase to the Shoals.
 18259 | Lair:3   | Found a staircase to the Snake Pit.
 18731 | Lair:4   | Received a gift from Okawaru
 19670 | Lair:5   | Entered Level 5 of the Lair of Beasts
 19706 | Lair:5   | Received a gift from Okawaru
 19978 | Lair:5   | Received a gift from Okawaru
 20240 | Lair:5   | Reached XP level 14. HP: 121/121 MP: 19/19
 20246 | Lair:5   | Reached skill level 15 in Shields
 21097 | Lair:5   | Received a gift from Okawaru
 21426 | Lair:5   | Reached skill level 5 in Evocations
 21790 | Orc:1    | Entered Level 1 of the Orcish Mines
 21807 | Orc:1    | Noticed an orc warlord
 22110 | Orc:1    | Received a gift from Okawaru
 22121 | Orc:1    | Killed an orc warlord
 22174 | Orc:1    | Noticed an orc warlord
 22248 | D:11     | Killed an orc warlord
 22690 | Orc:2    | Entered Level 2 of the Orcish Mines
 22917 | Orc:2    | Found a staircase to the Elven Halls.
 23246 | Orc:2    | Received a gift from Okawaru
 23913 | Orc:1    | Reached XP level 15. HP: 123/134 MP: 18/20
 23981 | Orc:1    | Found Najizidajuz's Assorted Antiques.
 24007 | Orc:1    | Bought a wooden ring for 155 gold pieces
 24345 | Orc:2    | Found Fyul Leu's Armour Shoppe.
 24345 | Orc:2    | Found Diadwou's Weapon Shoppe.
 24346 | Orc:2    | Found Usauck's General Store.
 24346 | Orc:2    | Found Luijaukk's Antique Armour Emporium.
 24354 | Orc:2    | Bought a potion of cancellation for 120 gold pieces
 24356 | Orc:2    | Bought a pair of ichor-stained gloves for 266 gold pieces
 24356 | Orc:2    | Identified the +0 pair of gloves "Ykhleal" {Will+} (You
                  | bought it in a shop on level 2 of the Orcish Mines)
 24603 | D:12     | Found Zodghie's Weapon Boutique.
 24610 | D:12     | Noticed Rupert
 24628 | D:12     | Killed Rupert
 24628 | D:12     | Received a gift from Okawaru
 24824 | D:12     | Found Detom's Weapon Boutique.
 24973 | D:12     | Bought 6 curare-tipped darts for 100 gold pieces
 26660 | D:14     | Received a gift from Okawaru
 26689 | D:14     | Noticed Jorgrun
 26701 | D:14     | Killed Jorgrun
 26723 | D:14     | Noticed Agnes
 26724 | D:14     | Noticed Snorg
 26735 | D:14     | Killed Agnes
 26739 | D:14     | Killed Snorg
 26904 | D:14     | Found Guhin's Armour Boutique.
 27069 | D:14     | Received a gift from Okawaru
 27229 | D:14     | Reached skill level 15 in Fighting
 27230 | D:14     | Reached skill level 15 in Armour
 27250 | D:14     | Reached skill level 1 in Dodging
 27326 | D:14     | Found a gate to the Vaults.
 27580 | D:14     | Received a gift from Okawaru
 27767 | D:15     | Entered Level 15 of the Dungeon
 27774 | D:15     | Found a staircase to the Depths.
 27872 | D:15     | Reached XP level 16. HP: 149/149 MP: 21/21
 28308 | D:15     | Received a gift from Okawaru
 28396 | D:15     | Noticed Roxanne
 28414 | D:15     | Killed Roxanne
 28535 | D:15     | Found a white marble altar of Elyvilon.
 28791 | Shoals:1 | Entered Level 1 of the Shoals
 28803 | Lair:3   | Reached skill level 10 in Throwing
 29202 | Shoals:1 | Received a gift from Okawaru
 29302 | Shoals:1 | Identified the amulet "Viyxkom" {Spirit rF+ Dex+2}
 30404 | Shoals:2 | Identified the +2 robe of the Good {Str+2}
 30851 | Shoals:2 | Received a gift from Okawaru
 30885 | Shoals:2 | Found Zutenep's Book Emporium.
 31484 | Shoals:3 | Noticed Mara
 31494 | Shoals:3 | Noticed MacCMillion's illusion
 31600 | Shoals:3 | Killed Mara
 31601 | Shoals:3 | Reached XP level 17. HP: 157/157 MP: 15/22
 31627 | Shoals:3 | Received a gift from Okawaru
 31887 | Shoals:3 | Identified the serpent talisman of Xazi {Int+2}
 31887 | Shoals:3 | Noticed Aizul
 31912 | Shoals:3 | Killed Aizul
 32228 | Shoals:4 | Entered Level 4 of the Shoals
 32269 | Shoals:4 | Noticed Ilsuiw
 32499 | Shoals:4 | Noticed a kraken
 32511 | Shoals:4 | Killed a kraken
 32673 | Shoals:4 | Reached skill level 1 in Spellcasting
 32992 | Shoals:4 | Received a gift from Okawaru
 33082 | Shoals:4 | Killed Ilsuiw
 33290 | Shoals:4 | Got a barnacled rune of Zot
 34343 | Shoals:4 | Noticed Bizboz's ghost (adept DjVM)
 34365 | Shoals:4 | Found a bloodstained altar of Trog.
 34366 | Shoals:4 | Found a transporter.
 34372 | Shoals:4 | Found a transporter.
 34483 | Shoals:4 | Noticed Nikola
 34503 | Shoals:4 | Killed Nikola
 34503 | Shoals:4 | Received a gift from Okawaru
 34719 | Snake:1  | Entered Level 1 of the Snake Pit
 36553 | Snake:1  | Reached XP level 18. HP: 166/166 MP: 23/23
 37189 | Snake:2  | Noticed Donald
 37194 | Snake:2  | Killed Donald
 37320 | Snake:2  | Reached skill level 1 in Stealth
 37392 | Snake:2  | Received a gift from Okawaru
 37515 | Snake:2  | Identified the +7 war axe of the Apocalypse {freeze, rN+
                  | Will+ Dex+2}
 38108 | Snake:3  | Found a frozen archway.
 38123 | IceCv    | Entered an ice cave
 38375 | IceCv    | Received a gift from Okawaru
 38724 | IceCv    | Noticed a shard shrike
 38738 | IceCv    | Killed a shard shrike
 38792 | IceCv    | Identified the amulet "Utuixku" {Acrobat Rampage rElec
                  | Will- rCorr}
 38913 | Snake:3  | Received a gift from Okawaru
 40095 | Snake:4  | Entered Level 4 of the Snake Pit
 40096 | Snake:4  | Found Roemapt's Assorted Antiques.
 40324 | Snake:4  | Bought a scroll of teleportation for 114 gold pieces
 40324 | Snake:4  | Bought a scroll of blinking for 285 gold pieces
 40324 | Snake:4  | Bought a golden ring for 190 gold pieces
 40434 | Snake:4  | Found a white marble altar of Elyvilon.
 40595 | Snake:4  | Found Ascha Afi's General Store.
 40703 | Snake:4  | Found Sory's Distillery.
 40703 | Snake:4  | Found Ydepty's Weapon Emporium.
 40708 | Snake:4  | Found Alao's Antique Armour Emporium.
 41234 | Snake:4  | Noticed Kirke
 41244 | Snake:4  | Killed Kirke
 41244 | Snake:4  | Received a gift from Okawaru
 41406 | Snake:4  | Reached XP level 19. HP: 179/179 MP: 24/24
 41702 | Snake:4  | Received a gift from Okawaru
 42713 | Snake:4  | Found Roemapt's Assorted Antiques.
 42747 | Snake:4  | Found Ascha Afi's General Store.
 42752 | Snake:4  | Found Sory's Distillery.
 42752 | Snake:4  | Found Ydepty's Weapon Emporium.
 42783 | Snake:4  | Found Alao's Antique Armour Emporium.
 42888 | Snake:4  | Found a white marble altar of Elyvilon.
 43301 | Snake:4  | Got a serpentine rune of Zot
 43659 | Vaults:1 | Entered Level 1 of the Vaults
 44225 | Vaults:1 | Received a gift from Okawaru
 44956 | Vaults:1 | Found a runed translucent gate.
 44956 | Vaults:1 | Found a runed translucent gate.
 44956 | Vaults:1 | Found a runed translucent gate.
 44957 | Vaults:1 | Noticed ongoing's ghost (adept TrFi)
 44957 | Vaults:1 | Noticed jotaen's ghost (adept MiFi)
 44957 | Vaults:1 | Noticed Stonecrops's ghost (adept GrFi)
 45722 | Vaults:2 | Received a gift from Okawaru
 46090 | Vaults:2 | Received a gift from Okawaru
 46126 | Vaults:2 | Reached skill level 5 in Dodging
 46377 | Vaults:2 | Identified the +1 leather armour of Fedhas's Delight
                  | {Int+4}
 46452 | Vaults:2 | Identified the +8 chain mail "Maheff" {rF+ Str+3}
 46721 | Vaults:2 | Identified the +2 leather armour of Courage {Rampage Regen+
                  | rCorr Str-5}
 46758 | Vaults:2 | Paralysed by a formless jellyfish for 1 turns
 47048 | Vaults:2 | Found a transporter.
 47048 | Vaults:2 | Noticed Angmar's ghost (veteran DrAE)
 47050 | Vaults:2 | Identified the +0 great mace of Xebar {flame, rF+}
 47112 | Vaults:2 | Identified the +8 arbalest of Jeng {drain, Fly rN+ Str+6
                  | Dex-5}
 47223 | Vaults:3 | Reached XP level 20. HP: 193/193 MP: 25/25
 47420 | Vaults:3 | Received a gift from Okawaru
 47640 | Vaults:3 | Found a staircase to the Crypt.
 48638 | Vaults:4 | Paralysed by a formless jellyfish for 1 turns
 48792 | Vaults:4 | Found a crumbling gateway.
 48850 | Desolati | Entered the Desolation of Salt
 48908 | Desolati | Received a gift from Okawaru
 49358 | Desolati | Received a gift from Okawaru
 49500 | Desolati | Identified the amulet "Maantyu" {Faith Int+4 SInv}
 49644 | Desolati | Got the Writings on Toxicants and the Winter
 49647 | Desolati | Identified the ring "Geripn" {rN+ Will- EV+5 Str+3}
 49680 | Desolati | Got the Lectures on the Dynamic Jinx
 49682 | Desolati | Identified the +2 fire dragon scales of the Grand Hot
                  | Ocelot {Rampage rF++ rC- Will+}
 49686 | Desolati | Got the Catalogue of Macabre Poisoning
 49688 | Desolati | Got the Secrets of Volatile Violence
 49699 | Desolati | Identified the ring "Umoetzou" {Ice Fly rN+}
 49856 | Vaults:4 | Found Ifaiffir's Jewellery Shop.
 50139 | Vaults:4 | Received a gift from Okawaru
 50364 | Vaults:4 | Reached XP level 21. HP: 207/207 MP: 26/26
 50931 | Depths:1 | Entered Level 1 of the Depths
 50957 | Depths:1 | Received a gift from Okawaru
 50958 | Depths:1 | Reached skill level 15 in Throwing
 52093 | Depths:1 | Found a gateway to Hell.
 52401 | Depths:1 | Received a gift from Okawaru
 53496 | Depths:2 | Received a gift from Okawaru
 53561 | Depths:2 | Noticed a caustic shrike
 53561 | Depths:2 | Noticed a caustic shrike
 53561 | Depths:2 | Noticed a caustic shrike
 53563 | Depths:2 | Noticed a caustic shrike
 53572 | Depths:2 | Killed a caustic shrike
 53576 | Depths:2 | Killed a caustic shrike
 53577 | Depths:2 | Killed a caustic shrike
 53580 | Depths:2 | Killed a caustic shrike
 53949 | Depths:2 | Received a gift from Okawaru
 54157 | Depths:2 | Reached skill level 10 in Invocations
 54200 | Depths:2 | Found Baubomou's Weapon Emporium.
 54447 | Depths:2 | Found a one-way gate leading to the halls of Pandemonium.
 54603 | Depths:2 | Found Saigim's Jewellery Boutique.
 54612 | Depths:2 | Found Meicyps's General Store.
 54760 | Depths:3 | Noticed a caustic shrike
 54761 | Depths:3 | Noticed a caustic shrike
 54775 | Depths:3 | Killed a caustic shrike
 54776 | Depths:3 | Reached XP level 22. HP: 205/215 MP: 26/28
 54820 | Depths:2 | Bought the ring of the Firefly {rCorr Str+6} for 673 gold
                  | pieces
 54997 | Depths:3 | Noticed a caustic shrike
 55007 | Depths:3 | Killed a caustic shrike
 55024 | Depths:3 | Killed a caustic shrike
 55032 | Depths:3 | Noticed a golden dragon
 55040 | Depths:3 | Killed a golden dragon
 55172 | Depths:3 | Found a one-way gateway to a ziggurat.
 55172 | Depths:3 | Noticed a golden dragon
 55194 | Depths:3 | Killed a golden dragon
 55331 | Depths:3 | Found Wonit's Weapon Shoppe.
 55385 | Depths:3 | Received a gift from Okawaru
 55412 | Depths:3 | Found a one-way gate to the infinite horrors of the Abyss.
 55666 | Depths:3 | Found Cemiysoo's Antique Weapon Boutique.
 55671 | Depths:3 | Bought a glowing broad axe for 217 gold pieces
 55683 | Depths:3 | Found Yxek's Book Boutique.
 55938 | Depths:3 | Noticed a juggernaut
 55961 | Depths:3 | Killed a juggernaut
 56129 | Depths:4 | Entered Level 4 of the Depths
 56214 | Depths:4 | Identified the +2 robe of Beyond {rPois Will+ Dex+3}
 56687 | Depths:4 | Received a gift from Okawaru
 57014 | Depths:4 | Reached skill level 10 in Evocations
 58354 | Depths:4 | Found a gate to the Realm of Zot.
 58377 | Depths:4 | HP: 3/173 [yellow draconian annihilator/bolt of lightning
                  | (24)]
 59316 | Crypt:1  | Entered Level 1 of the Crypt
 59420 | Crypt:1  | Identified the +1 spear of Ravage {pain, Int+3 Dex+5}
 59631 | Crypt:1  | Noticed a royal mummy
 59636 | Crypt:1  | Received a gift from Okawaru
 59641 | Crypt:1  | Killed a royal mummy
 59926 | Crypt:1  | Noticed a royal mummy
 59934 | Crypt:1  | Noticed a royal mummy
 59937 | Crypt:1  | Killed a royal mummy
 59954 | Crypt:1  | Killed a royal mummy
 60420 | Crypt:1  | Found the +7 sceptre of Torment {pain, torment}
 61760 | Crypt:2  | Received a gift from Okawaru
 62172 | Crypt:2  | Reached XP level 23. HP: 199/212 MP: 29/31
 62212 | Crypt:2  | Noticed Jory
 62228 | Crypt:2  | Killed Jory
 62236 | Crypt:2  | Noticed Zenata
 62258 | Crypt:2  | Killed Zenata
 62659 | Crypt:2  | Found a runed translucent door.
 62660 | Crypt:2  | Noticed an ancient lich
 62745 | Crypt:2  | Noticed Sojobo
 62767 | Crypt:1  | Paralysed by an air elemental for 1 turns
 62773 | Crypt:1  | Killed Sojobo
 63267 | Crypt:2  | Identified the +4 robe of the Unseen Realm {Dex+3 Slay+2}
 63284 | Crypt:2  | Found a basalt altar of Yredelemnul.
 63426 | Crypt:2  | Received a gift from Okawaru
 63437 | Crypt:2  | Noticed Margery
 63451 | Crypt:2  | Killed Margery
 63646 | Crypt:2  | Killed an ancient lich
 63694 | Crypt:3  | Entered Level 3 of the Crypt
 63750 | Crypt:3  | Found a staircase to the Tomb.
 63910 | Crypt:3  | Paralysed by a vampire knight for 4 turns
 63923 | Crypt:3  | Received a gift from Okawaru
 64795 | Crypt:3  | Found a basalt altar of Yredelemnul.
 65023 | Crypt:3  | Identified a scroll of acquirement
 65026 | Crypt:3  | Noticed a dread lich
 65026 | Crypt:3  | Noticed a dread lich
 65041 | Crypt:3  | Acquired 787 gold pieces
 65847 | Crypt:3  | Identified the ring of the Saviour {rN+ MP+9 Int+2 Dex+3}
 65847 | Crypt:3  | Identified the ring of Zyfyrirr {*Slow rF+ rN+ Int+7}
 66074 | Vaults:5 | Entered Level 5 of the Vaults
 66112 | Vaults:5 | Noticed an ancient lich
 66118 | Vaults:5 | Noticed a dread lich
 66123 | Vaults:5 | Noticed a dread lich
 66133 | Vaults:5 | Killed an ancient lich
 66143 | Vaults:5 | Killed a dread lich
 66150 | Vaults:5 | Killed a dread lich
 66150 | Vaults:5 | Noticed an ancient lich
 66169 | Vaults:5 | Received a gift from Okawaru
 66182 | Vaults:5 | Killed an ancient lich
 66316 | Vaults:5 | Noticed an ancient lich
 66373 | Vaults:5 | Noticed a dread lich
 66903 | Vaults:4 | Killed an ancient lich
 67038 | Vaults:5 | Noticed an ancient lich
 67058 | Vaults:4 | Killed a dread lich
 67059 | Vaults:4 | Reached XP level 24. HP: 165/231 MP: 30/31
 67378 | Vaults:5 | Noticed a dread lich
 67959 | Vaults:4 | Received a gift from Okawaru
 67992 | Vaults:4 | Found Ifaiffir's Jewellery Shop.
 68005 | Vaults:4 | Killed an ancient lich
 69182 | Vaults:5 | Noticed a dread lich
 69211 | Vaults:5 | Killed a dread lich
 69211 | Vaults:5 | Paralysed by a dread lich for 4 turns
 69212 | Abyss:3  | Cast into level 3 of the Abyss (a deep elf sorcerer)
 69520 | Abyss:4  | Found a broken altar of Ashenzari.
 69559 | Abyss:4  | Gained mutation: Your magical capacity is low. (-10% MP) [a
                  | neqoxec]
 69622 | Abyss:4  | Received a gift from Okawaru
 69674 | Abyss:4  | Gained mutation: You are dopey. (Int -2) [a neqoxec]
 69676 | Abyss:4  | Gained mutation: You are clumsy. (Dex -2) [a neqoxec]
 69724 | Abyss:4  | Found a corrupted altar of Lugonu.
 70066 | Abyss:4  | Found a corrupted altar of Lugonu.
 70263 | Abyss:4  | Found a corrupted altar of Lugonu.
 70286 | Vaults:5 | Escaped the Abyss
 70298 | Vaults:5 | Killed a dread lich
 70439 | Abyss:4  | Cast into level 4 of the Abyss (a ghostly deep elf
                  | demonologist)
 70500 | Abyss:4  | Found a hazy altar of Hepliaklqana.
 70826 | Abyss:4  | HP: 1/231 [smoke demon/divine providence (11)]
 70827 | Abyss:4  | Killed from afar by a smoke demon

Illustrated notes

Levels and vault maps discovered:
D:1:      dpeg_arrival_rhombus, layout_basic, serial_shops, shop
D:2:      layout_basic
D:3:      layout_basic, vehumet_altar_wand_db
D:4:      layout_basic, nicolae_tso_swordbearing_angel, minmay_misc_feat_rugged,
          kennysheep_generic_room_5
D:5:      layout_loops_ring, uniq_edmund
D:6:      layout_basic, serial_corexii_hall, chequers_hall_statues_corner_a,
          corexii_hall_statues_s, corexii_hall_statues_i,
          corexii_hall_statues_x, corexii_hall_statues_l,
          corexii_hall_statues_i, nicolae_concentric_dashed_squares_mild,
          minmay_manual_macuahuitl, uniq_jeremiah, uniq_sigmund, uniq_grinder,
          uniq_eustachio
D:7:      layout_basic, trog_wizard, nicolae_ashenzari_panopticon,
          minmay_temple_entry_wispy, enter_bailey_2, serial_rivers,
          chequers_serial_rivers_micro_d, chequers_serial_rivers_micro_b,
          chequers_serial_rivers_micro_a, chequers_serial_rivers_micro_d
D:8:      minmay_the_grid_square_5x5_3x3
          [minmay_the_grid_square_5x5_half_checkered,
          minmay_the_grid_square_5x5_empty, minmay_the_grid_square_5x5_moneybag,
          minmay_the_grid_square_5x5_slash,
          minmay_the_grid_square_5x5_megaprize_crossed,
          minmay_the_grid_square_5x5_empty,
          minmay_the_grid_square_5x5_broken_cross,
          minmay_the_grid_square_5x5_tri_point,
          minmay_the_grid_square_5x5_spiral], layout_loops_ring,
          nicolae_wu_jian_glorious_leap, minivault_10, uniq_joseph
D:9:      layout_roguey, nicolae_overflow_hidden_temple,
          nicolae_dithmenos_the_darkroom,
          nicolae_gozag_cash_rules_everything_around_me
D:10:     layout_roguey, minmay_lair_entry_grove, serial_bayou_pond_a,
          solitary_fountain, uniq_sonja, uniq_harold
D:11:     layout_loops_ring, zombieorc1_lemuel, uniq_urug
D:12:     layout_loops_corners, serial_shops,
          nicolae_shop_competitors_out_of_business, nicolae_stop_n_shop_1,
          uniq_rupert
D:13:     layout_long_grid
D:14:     layout_basic, grunt_vaults_entry_tiered, serial_shops, shop,
          chequers_garden, kennysheep_kite_vault, uniq_agnes, uniq_jorgrun,
          uniq_snorg
D:15:     grunt_enter_depths_giant_problem, layout_irregular_city,
          nrook_pool_corridor, nicolae_elyvilon_temple_path, uniq_roxanne
Temple:   nicolae_temple_superstar
Lair:1:   layout_cave_pods, nicolae_quartered_pool_impasse,
          serial_bayou_shore_a, uniq_fannar
Lair:2:   layout_cave_shapes, basic_altar, guppyfry_lair_drakes,
          serial_bayou_shore_b, uniq_gastronok
Lair:3:   layout_cellular_growth, shoals_dummy_entry,
          alex1729_snake_entry_snake, basic_altar,
          hellmonk_ghost_happy_afterlife, ice2_lemuel
Lair:4:   layout_cave_pods, minmay_slime_entry_oklob_enclosed,
          grunt_megastairs_1
Lair:5:   grunt_lair_end_beastmaster, layout_regular_city, minivault_19,
          grunt_megastairs_3
Shoals:1: layout_shoals, nicolae_shoals_land_atoll,
          nicolae_shoals_stone_sculpture_thing
Shoals:2: layout_shoals, serial_shops, shop, nicolae_shoals_seven_spires
Shoals:3: layout_shoals, uniq_polyphemus, uniq_mara, uniq_aizul
Shoals:4: shoals_end_hangedman, layout_shoals, shoal_ilsuiw,
          gammafunk_ghost_wrathful_warriors, uniq_nikola
Snake:1:  cheibrodos_forgotten_conduit, layout_layer_cave,
          nicolae_snake_mages_go_home
Snake:2:  layout_cave_town, nicolae_letterblocks [nicolae_letter_subblock,
          nicolae_letter_subblock, nicolae_letter_subblock,
          nicolae_letter_subblock, nicolae_letter_subblock,
          nicolae_letter_subblock, nicolae_letter_subblock,
          nicolae_letter_subblock, nicolae_letter_subblock,
          nicolae_letter_subblock, nicolae_letter_subblock,
          nicolae_letter_subblock, nicolae_letter_subblock,
          nicolae_letter_subblock, nicolae_letter_subblock,
          nicolae_letter_subblock, nicolae_letter_subblock,
          nicolae_letter_subblock, nicolae_letter_subblock,
          nicolae_letter_subblock, nicolae_letter_subblock,
          nicolae_letter_subblock, nicolae_letter_subblock,
          nicolae_letter_subblock, nicolae_letter_subblock], uniq_donald
Snake:3:  layout_gridlike, portal_ice_cave_entry_ugly_swarm,
          nicolae_triple_integral, lemuel_fruit_tree
Snake:4:  johnstein_snake_rune_scales, layout_misc_corridors, serial_shops,
          shop_statue, basic_altar, statue_in_the_mist_lemuel,
          serial_bayou_shore_b, minmay_shoptagon, uniq_kirke
Orc:1:    layout_diamond_mine, serial_shops, shop
Orc:2:    st_orc_pillars, layout_diamond_mine
Vaults:1: gammafunk_ghost_cemetery, v_pattern_3,
          ontoclasm_vaults_claustrophobia, nicolae_vaults_mini_display_case,
          nicolae_vaults_border_crossing, v_misc_13, ontoclasm_vaults_twist,
          nicolae_vaults_house_3, ontoclasm_vaults_ligature, vaults_dpeg_doors,
          ontoclasm_vaults_chip, layout_vaults_omnicross
Vaults:2: gammafunk_ghost_smash, nicolae_vaults_yaktaur_gun_rack,
          grunt_vaults_hallway_short, hangedman_vaults_unwind,
          nicolae_vaults_variable_pillar_hall, nicolae_vaults_twisting_passages,
          vaults_room_fours, st_hourglassy, nicolae_vaults_trapezoid_3,
          vaults_dpeg_ring, nicolae_vaults_rhombus_6, layout_vaults_chaotic_city
Vaults:3: v_alt_pattern_3, grunt_vaults_hallway_long, vaults_dpeg_hooks,
          minmay_crypt_entry_nasty_monster, nicolae_vaults_rhombus_7,
          nicolae_vaults_two_Ls, v_pattern_5, layout_vaults_omnigrid
Vaults:4: portal_desolation_entry_salt, nicolae_vaults_specimen_jars,
          grunt_vaults_swirl, nicolae_vaults_meiosis, vaults_mumra_minichess,
          nicolae_vaults_prndl, st_cross, nicolae_vaults_closet_pinwheel_3,
          nicolae_vaults_circle_grid_a, nicolae_vaults_more_shelving_1,
          nicolae_vaults_apartment_1, ontoclasm_vaults_decontamination,
          nicolae_vaults_surprise_closet, nicolae_vaults_tangram_1,
          ontoclasm_vaults_shuriken, nicolae_vaults_house_2, layout_vaults_maze,
          serial_shops, nicolae_shop_stone
Vaults:5: serial_shops
Crypt:1:  minmay_guarded_unrand_sceptre_of_torment, layout_misc_corridors,
          st_stairs_8, grunt_megastairs_2, grunt_crypt_arrival_split
Crypt:2:  cheibrodos_crypt_cold_storage, layout_misc_corridors,
          grunt_ministairs_9, nicolae_crypt_niches, roadster_capsule_ark_zombie,
          uniq_margery, uniq_zenata, uniq_sojobo, uniq_jory
Crypt:3:  david_glass_crypt, layout_gridlike, basic_altar,
          chequers_hall_statues_y
Depths:1: minmay_split_circle, layout_honeycomb, grunt_hell_entry_dis_grunt,
          serial_sigils, serial_sigils_hangedman_writhe,
          serial_sigils_hangedman_shear, minmay_misc_feat_hallway,
          grunt_decor_one_mirror, drop_trap, kennysheep_generic_room_6,
          serial_bayou_shore_b
Depths:2: nzn_winding_woodlands_small [nzn_winding_woodlands_5x15_cabin,
          nzn_winding_woodlands_center_garden,
          nzn_winding_woodlands_5x15_concentric], layout_twisted_cross,
          serial_shops, shop_statue, nicolae_shop_hallway_plus,
          nicolae_shop_statue_plus, rand_demon_pan_entry_9, hell_entry
Depths:3: minmay_open_boxes_in_corner, layout_small_grid, enter_ziggurat_e,
          hell_entry, hangedman_abyss_entry_splay, minmay_misc_feat_enclosed,
          serial_shops, nicolae_shop_advertising_works
          [nicolae_subvault_shop_adworks], shop, nicolae_lakefront_shop,
          infiniplex_staircase_squiggle, serial_bayou_shore_b
Depths:4: grunt_zot_entry_bicorn, layout_gridlike, hangedman_decor_growths,
          abyss_entry, hangedman_tar_grid_catacomb
Abyss:4:  base: Snake:1, due_exit_kobolds, hangedman_steaming_rock,
          hangedman_eye_storm, due_exit_kobolds, base: D:11,
          abyss_furniture_001, minivault_26

Skill      XL: |  1  2  3  4  5  6  7  8  9 10 11 12 13 14 15 16 17 18 19 20 21 22 23 24 |
---------------+-------------------------------------------------------------------------+-----
Shields        | 4 5 7 8 10 11 14 15 17 20 21 22 | 22.1
Fighting       | 4 5 6 8 9 10 12 15 17 20 22 | 22.1
Armour         | 4 6 8 9 10 12 15 17 20 22 | 22.1
Axes           | 3 5 6 8 10 11 12 13 14 15 17 18 21 22 | 22.0
Invocations    | 3 6 8 9 10 12 | 12.0
Evocations     | 3 6 7 12 | 12.0
Throwing       | 4 8 9 13 14 17 19 22 | 22.1
Dodging        | 2 4 5 8 |  8.0
Spellcasting   | 3 |  3.0
Stealth        | 4 |  4.0

Action                     |  1- 3 |  4- 6 |  7- 9 | 10-12 | 13-15 | 16-18 | 19-21 | 22-24 || total
---------------------------+-------+-------+-------+-------+-------+-------+-------+-------++-------
  Melee: War axe           |    90 |   101 |   236 |   532 |       |       |       |       ||   959
         Headbutt          |     9 |    14 |    37 |   122 |   207 |   277 |   431 |   559 ||  1656
         Broad axe         |       |       |       |    91 |   941 |  1313 |  1495 |  1809 ||  5649
  Throw: Javelin           |       |       |     3 |     1 |       |    28 |    18 |    35 ||    85
         Dart              |       |       |       |     2 |    12 |     3 |       |       ||    17
         Boomerang         |       |       |       |       |    11 |    69 |    67 |       ||   147
 Invoke: Heroism           |       |       |       |     2 |    15 |     8 |     8 |     9 ||    42
         Receive Weapon    |       |       |       |     1 |       |       |       |       ||     1
         Receive Armour    |       |       |       |       |     1 |       |       |       ||     1
         Finesse           |       |       |       |       |     4 |     3 |     4 |     6 ||    17
  Evoke: Lightning rod     |       |       |       |     9 |     3 |     4 |       |       ||    16
         Wand              |       |       |       |     6 |     5 |     2 |       |       ||    13
    Use: Scroll            |     2 |       |     4 |    13 |    19 |     2 |     1 |    26 ||    67
         Potion            |       |       |       |       |     1 |     2 |     1 |    16 ||    20
   Stab: Distracted        |       |       |       |     1 |       |       |       |     2 ||     3
         Petrifying        |       |       |       |       |     1 |       |       |       ||     1
 Armour: Scale mail        |    55 |       |       |       |       |       |       |       ||    55
         Chain mail        |     5 |    70 |   240 |   388 |     1 |       |       |       ||   704
         Skin              |       |       |       |     3 |       |       |       |       ||     3
         Crystal plate arm |       |       |       |       |   546 |   724 |   481 |   186 ||  1937
         Gold dragon scale |       |       |       |       |       |       |       |   787 ||   787
  Dodge: Dodged            |    49 |    19 |    83 |   170 |   229 |   530 |   325 |   385 ||  1790
         Repelled          |       |       |       |       |       |    16 |    20 |    16 ||    52
  Block: Buckler           |    21 |    22 |    15 |       |       |       |       |       ||    58
         Kite shield       |       |       |   126 |   333 |   502 |   929 |    50 |       ||  1940
         Tower shield      |       |       |       |       |       |       |  1065 |  1634 ||  2699

Table legend: (Time is in decaauts)
 A = Elapsed time spent in this place.
 B = Non-inter-level travel time spent in this place.
 C = Inter-level travel time spent in this place.
 D = Time resting spent in this place.
 E = Time spent auto-exploring this place.
 F = Levels seen in this place.
 G = Mean time per level.
                   A        B        C        D        E       F      G
               +--------+--------+--------+--------+--------+-----+--------+
         Total |  69651 |  64983 |   4668 |  20553 |  29688 |  49 | 1421.4 |
       Dungeon |  18478 |  16848 |   1630 |   4002 |   9498 |  15 | 1231.9 |
        Temple |    117 |     78 |     39 |     60 |      0 |   1 |  117.0 |
          Lair |   7708 |   7165 |    543 |   1826 |   3997 |   5 | 1541.6 |
        Shoals |   5888 |   5661 |    227 |   2010 |   1588 |   4 | 1472.0 |
     Snake Pit |   7831 |   7465 |    366 |   2672 |   3193 |   4 | 1957.8 |
  Orcish Mines |   2367 |   2297 |     70 |    646 |   1035 |   2 | 1183.5 |
        Vaults |  10134 |   9175 |    959 |   2859 |   4343 |   5 | 2026.8 |
         Crypt |   5492 |   5074 |    418 |   2146 |   1972 |   3 | 1830.7 |
        Depths |   7977 |   7564 |    413 |   2783 |   3213 |   4 | 1994.2 |
         Abyss |   1381 |   1381 |      0 |    864 |    100 |   3 |  460.3 |
        Bailey |    677 |    677 |      0 |    350 |     61 |   1 |  677.0 |
      Ice Cave |    686 |    686 |      0 |    126 |    313 |   1 |  686.0 |
    Desolation |    908 |    908 |      0 |    207 |    373 |   1 |  908.0 |
               +--------+--------+--------+--------+--------+-----+--------+

Top non-repeatable levels by time:
Vaults:4: 3016 daAuts
 Snake:4: 2855 daAuts
Depths:4: 2678 daAuts
Vaults:3: 2563 daAuts
Depths:1: 2250 daAuts
  Lair:1: 2160 daAuts
 Snake:1: 2158 daAuts
Shoals:4: 2122 daAuts
 Crypt:1: 2088 daAuts
 Crypt:2: 1927 daAuts
Vaults:1: 1919 daAuts
     D:7: 1901 daAuts
Vaults:2: 1867 daAuts
 Snake:3: 1705 daAuts
    D:11: 1680 daAuts
